 Dungeon Crawl Stone Soup version 0.24.0-13-gcf9b3192b9 (webtiles) character file.

Game seed: 12976667341416824783, levelgen mode: deterministic

42205 Majang the Cleaver (level 13, -10/103 HPs)
             Began as a Demonspawn Gladiator on Nov 5, 2019.
             Was the Champion of Makhleb.
             Mangled by an orc warlord
             ... wielding a +1 great sword of electrocution
              (21 damage)
             ... on level 1 of the Orcish Mines.
             The game lasted 01:30:51 (19496 turns).

Majang the Cleaver (Demonspawn Gladiator)          Turns: 19496, Time: 01:30:52

Health: -10/103    AC: 26    Str: 19    XL:     13   Next: 84%
Magic:  22/22      EV: 13    Int: 10    God:    Makhleb [******]
Gold:   1741       SH:  0    Dex: 15    Spells: 12/12 levels left

rFire    . . .     SeeInvis +   a - +5 battleaxe (protect)
rCold    + . .     Gourm    .   (shield currently unavailable)
rNeg     + . .     Faith    .   W - +2 chain mail {rC+}
rPois    .         Spirit   .   (helmet unavailable)
rElec    .         Reflect  .   L - +2 cloak {MR+}
rCorr    .         Harm     .   (no gloves)
MR       +....                  e - +1 pair of boots
Stlth    ..........             (no amulet)
HPRegen  0.27/turn              o - +4 ring of slaying
MPRegen  0.18/turn              p - ring of positive energy

@: protection aura
A: antennae 3, demonic guardian 1, spiny 1
a: Minor Destruction, Lesser Servant of Makhleb, Major Destruction, Greater
Servant of Makhleb, Renounce Religion


You were on level 1 of the Orcish Mines.
You worshipped Makhleb.
Makhleb was exalted by your worship.
You were not hungry.

You visited 4 branches of the dungeon, and saw 18 of its levels.
You also visited: Sewer and Volcano.

You collected 1741 gold pieces.

Inventory:

Hand Weapons
 a - a +5 battleaxe of protection (weapon)
 b - the +8 dire flail of Mana {crush, rPois rC+ MR+ Dex+3}
   (You took it off an ogre on level 8 of the Dungeon)

   It inflicts extra damage upon your enemies.
   It affects your dexterity (+3).
   It protects you from cold.
   It protects you from poison.
   It affects your resistance to hostile enchantments.
 T - a +2 great sword of flaming
Missiles
 d - 2 throwing nets (quivered)
Armour
 e - a +1 pair of boots (worn)
 k - a +1 chain mail of fire resistance
 L - a +2 cloak of magic resistance (worn)
 W - a +2 chain mail of cold resistance (worn)
Jewellery
 i - a +2 ring of strength {unknown}
 o - a +4 ring of slaying (left hand)
 p - a ring of positive energy (right hand)
 E - an uncursed ring of resist corrosion
 O - an uncursed ring of flight
 P - an uncursed ring of ice
Wands
 H - a wand of iceblast (17)
 K - a wand of acid (3)
 Q - a wand of clouds (3)
Scrolls
 l - 4 scrolls of enchant armour
 x - 9 scrolls of teleportation
 A - 4 scrolls of fear
 C - a scroll of immolation
 F - 3 scrolls of magic mapping
Potions
 c - 2 potions of agility
 g - 2 potions of heal wounds {unknown}
 j - 3 potions of ambrosia {unknown}
 m - 3 potions of curing
 q - 2 potions of might
 t - 3 potions of flight
 v - 4 potions of resistance
 G - 2 potions of berserk rage {unknown}
 I - a potion of cancellation {unknown}
 R - 5 potions of mutation
 S - 3 potions of degeneration {unknown}
Comestibles
 f - 23 rations
 h - 22 chunks of flesh


   Skills:
 + Level 10.2 Fighting
 * Level 13.1 Axes
 - Level 1.7 Throwing
 + Level 9.3 Armour
 + Level 9.6 Dodging
 + Level 12.4 Invocations


You had 12 spell levels left.
You didn't know any spells.
Your spell library contained the following spells:

 Spells                   Type           Power        Failure   Level  Hunger
 Magic Dart               Conj           #...         97%         1    ##.....
 Sandblast                Erth           #.....       97%         1    ##.....
 Blink                    Tloc           N/A          99%         2    ###....
 Call Imp                 Summ           #.......     99%         2    ###....
 Passwall                 Tmut/Erth      #.......     99%         2    ###....
 Slow                     Hex            #.......     99%         2    ###....
 Conjure Flame            Conj/Fire      #.......     100%        3    ####...
 Mephitic Cloud           Conj/Pois/Air  #.......     100%        3    ####...
 Stone Arrow              Conj/Erth      #.....       100%        3    ####...
 Petrify                  Tmut/Erth      #.......     100%        4    #####..
 Lee's Rapid Deconstruct  Erth           #.........   100%        5    ######.


Dungeon Overview and Level Annotations

Branches:
Dungeon (10/15)            Temple (1/1) D:4            Lair (5/6) D:9
 Shoals (0/4) Lair:3       Spider (0/4) Lair:2        Slime (0/5) Lair:5
    Orc (2/2) D:10            Elf (0/3) Orc:2         Sewer (visited)
Volcano (visited)

Altars:
Ashenzari
Cheibriados
Dithmenos
Elyvilon
Fedhas
Gozag
Hepliaklqana
Kikubaaqudgha
Makhleb
Nemelex Xobeh
Okawaru
Qazlal
Ru
Sif Muna
Trog
Uskayaw
Vehumet
Wu Jian
Xom
Yredelemnul
Zin
The Shining One

Shops:
D:9 (


Innate Abilities, Weirdness & Mutations

You have a pair of large antennae on your head. (SInv)
A weak demonic guardian rushes to your aid.
You are partially covered in sharp spines.


Message History

* * * LOW HITPOINT WARNING * * *
You hit the orc warlord.
The orc warlord is severely wounded.
The orc warlord hits you but does no damage.
You are electrocuted!
* * * LOW HITPOINT WARNING * * *
You hit the orc warlord but do no damage.
The orc warlord is severely wounded.
You barely miss the orc warlord.
The orc warlord is severely wounded.
The orc warlord hits you but does no damage.
Some of the chunks of flesh in your inventory have rotted away.
Okay, then.
You slash the orc warlord!
The orc warlord is severely wounded.
The orc warlord barely misses you.
You barely miss the orc warlord.
The orc warlord is severely wounded.
The orc warlord hits you with a +1 great sword of electrocution!!
You die...

..#.#.......#.....#...#
.)#..............###..#####
..)...#.#.......#.#.....#.#
#.)...####.....######.....#
........#.......#.#....#..#
...#.).)#.........#....####
..##.)..)....##........#
##.#.........##.†o...###
######......####@.....# #
##...### ##.#..## #..##
###### ##.# { ### { { {


You could see an orc warlord.

Vanquished Creatures
  Rupert (Lair:5)
  Snorg (D:10)
  Josephine (D:10)
  3 hydras
  Fannar (Lair:1)
  Erica (D:10)
  A two-headed ogre (D:7)
  A hell hog (Volcano)
  A fire crab (Volcano)
  Nergalle (D:10)
  A skeletal warrior (D:10)
  The ghost of Oki the Basher, a novice TrBe of Trog (D:8)
  An unseen horror (D:10)
  Pikel (D:8)
  A manticore (Lair:3)
  6 black mambas
  7 spiny frogs
  5 centaur skeletons (D:10)
  4 komodo dragons
  4 trolls
  A queen bee (D:8)
  2 polar bears (Lair:4)
  3 blink frogs (Lair:1)
  8 hippogriffs
  4 shadows (D:10)
  4 flying skulls (D:10)
  2 redbacks (Lair:2)
  2 fire bats (Volcano)
  4 basilisks
  31 yaks
  A steam dragon (Volcano)
  2 wargs
  2 hell hounds (Volcano)
  10 water moccasins
  8 porcupines
  A black bear (D:9)
  11 orc warriors
  2 slaves (D:8)
  5 wolves (Lair:4)
  6 centaurs
  10 ogres
  2 phantoms
  11 crocodiles
  18 bullfrogs
  2 big kobolds
  2 gnoll sergeants (D:10)
  A water moccasin zombie (D:6)
  6 scorpions
  16 killer bees
  12 wights
  4 electric eels
  3 crimson imps
  A quasit (D:9)
  4 hounds
  6 orc priests
  4 centaur zombies (D:10)
  2 iguanas
  10 worker ants
  Natasha (thrice) (D:4)
  9 orc wizards
  2 hell rats (Lair:3)
  A killer bee zombie (D:10)
  A hound zombie (D:5)
  5 hound skeletons
  A howler monkey zombie (D:9)
  2 worker ant zombies (D:10)
  3 gnolls (D:10)
  A howler monkey skeleton (D:10)
  10 river rats
  14 adders
  2 shadow imps
  An adder skeleton (D:10)
  3 worms (D:2)
  7 leopard geckos
  65 orcs
  8 giant cockroaches
  8 goblins
  9 hobgoblins
  14 jackals
  6 kobolds
  7 quokkas
  3 ball pythons (Sewer)
  7 bats
  5 frilled lizards (Sewer)
  A jackal skeleton (D:4)
  2 quokka skeletons
  A quokka zombie (D:6)
  6 rats
  4 fungi
  6 plants (Lair:5)
483 creatures vanquished.

Vanquished Creatures (collateral kills)
  A hydra (Lair:3)
  A two-headed ogre (D:10)
  Maurice (D:8)
  Psyche (D:8)
  A rime drake (Lair:4)
  A spiny frog (Lair:1)
  A centaur skeleton (D:10)
  A komodo dragon (D:10)
  A troll (D:10)
  2 hippogriffs
  A yak (Lair:5)
  An orc warrior (D:10)
  2 ogres
  3 bullfrogs
  A wyvern zombie (D:10)
  5 killer bees (D:8)
  A crimson imp (D:8)
  A hound (D:8)
  A worker ant (D:6)
  An orc (D:8)
28 creatures vanquished.

Vanquished Creatures (others)
  A slave (D:8)
  16 fungi
  2 plants (D:9)
19 creatures vanquished.

Grand Total: 530 creatures vanquished

Notes
Turn   | Place    | Note
-------+----------+-------------------------------------------
     0 | D:1      | Majang the Demonspawn Gladiator began the quest for the
                  | Orb.
     0 | D:1      | Reached XP level 1. HP: 16/16 MP: 1/1
   111 | D:1      | Gained mutation: You have a pair of small antennae on your
                  | head. [demonic ancestry]
   111 | D:1      | Reached XP level 2. HP: 21/22 MP: 2/2
   316 | D:1      | Reached skill level 3 in Axes
   654 | D:1      | You fall into a shaft and drop 1 floor!
   669 | D:2      | Reached skill level 1 in Armour
   669 | D:2      | Reached XP level 3. HP: 16/28 MP: 3/3
   692 | D:2      | HP: 1/28 [jackal (1)]
   699 | D:2      | HP: 1/28 [jackal (1)]
  1909 | D:2      | Reached XP level 4. HP: 25/34 MP: 4/4
  2178 | D:2      | Found a sacrificial altar of Ru.
  2278 | D:3      | Found a sparkling altar of Nemelex Xobeh.
  2738 | D:3      | Found a bloodstained altar of Trog.
  3085 | D:4      | Found a staircase to the Ecumenical Temple.
  3090 | D:4      | Noticed Natasha
  3094 | Temple   | Entered the Ecumenical Temple
  3148 | Temple   | Became a worshipper of Makhleb the Destroyer
  3181 | D:4      | Killed Natasha
  3181 | D:4      | Gained mutation: You have a pair of antennae on your head.
                  | [demonic ancestry]
  3181 | D:4      | Reached XP level 5. HP: 36/40 MP: 5/5
  3275 | D:4      | Found a glowing drain.
  3279 | Sewer    | Entered a sewer
  3292 | Sewer    | Reached skill level 4 in Axes
  3566 | Sewer    | Reached skill level 1 in Invocations
  4081 | D:4      | Reached XP level 6. HP: 34/47 MP: 7/7
  4329 | D:4      | Noticed Natasha
  4342 | D:4      | Killed Natasha
  4386 | D:4      | Found an iron altar of Okawaru.
  4642 | D:4      | Found a shadowy altar of Dithmenos.
  4688 | D:4      | Noticed Natasha
  4696 | D:4      | Killed Natasha
  4818 | D:4      | Reached * piety under Makhleb
  5023 | D:4      | Gained mutation: A weak demonic guardian rushes to your
                  | aid. [demonic ancestry]
  5023 | D:4      | Reached XP level 7. HP: 50/52 MP: 8/8
  5187 | D:5      | Entered Level 5 of the Dungeon
  5310 | D:5      | Reached skill level 5 in Axes
  6508 | D:6      | Gained mutation: You are partially covered in sharp spines.
                  | [demonic ancestry]
  6508 | D:6      | Reached XP level 8. HP: 25/60 MP: 9/11
  7164 | D:6      | Reached skill level 6 in Axes
  7216 | D:6      | Found a shimmering blue altar of Sif Muna.
  7336 | D:6      | Found an ornate altar of the Wu Jian Council.
  7546 | D:6      | Found a basalt altar of Yredelemnul.
  7546 | D:6      | Found a bloodstained altar of Trog.
  7546 | D:6      | Found a hide-covered altar of Uskayaw.
  7546 | D:6      | Found a hazy altar of Hepliaklqana.
  7548 | D:6      | Found a white marble altar of Elyvilon.
  7549 | D:6      | Found a radiant altar of Vehumet.
  7551 | D:6      | Found a snail-covered altar of Cheibriados.
  7718 | D:6      | Reached ** piety under Makhleb
  7972 | D:7      | Reached skill level 5 in Invocations
  8033 | D:7      | Noticed a hippogriff
  8044 | D:7      | Killed a hippogriff
  8044 | D:7      | Reached skill level 5 in Fighting
  8044 | D:7      | Reached skill level 5 in Dodging
  8184 | D:7      | Reached skill level 7 in Axes
  8184 | D:7      | Reached XP level 9. HP: 53/68 MP: 13/13
  8449 | D:7      | Noticed a two-headed ogre
  8455 | D:7      | Killed a two-headed ogre
  8813 | D:8      | Reached skill level 5 in Armour
  8836 | D:8      | Noticed Maurice
  8863 | D:8      | Killed Maurice
  8863 | D:8      | Reached skill level 8 in Axes
  9151 | D:8      | Noticed Psyche
  9163 | D:8      | Killed Psyche
  9163 | D:8      | Reached XP level 10. HP: 51/76 MP: 15/15
  9489 | D:8      | Reached *** piety under Makhleb
  9545 | D:8      | Noticed Pikel
  9558 | D:8      | Killed Pikel
  9896 | D:8      | Found a transporter.
  9897 | D:8      | Noticed Oki's ghost (novice TrBe)
  9899 | D:8      | Identified the +8 dire flail of Mana {crush, rPois rC+ MR+
                  | Dex+3}
  9900 | D:8      | Found a transporter.
  9912 | D:8      | Reached skill level 9 in Axes
  9923 | D:8      | Killed Oki's ghost
 10369 | D:9      | Found a staircase to the Lair.
 10391 | D:9      | Found Kastaco's Weapon Emporium.
 10406 | D:9      | Reached **** piety under Makhleb
 10474 | D:9      | Gained mutation: You have a pair of large antennae on your
                  | head. (SInv) [demonic ancestry]
 10474 | D:9      | Reached XP level 11. HP: 81/84 MP: 17/17
 10854 | Lair:1   | Entered Level 1 of the Lair of Beasts
 10968 | Lair:1   | Noticed Fannar
 10993 | Lair:1   | Killed Fannar
 11028 | Lair:1   | Found a dark tunnel.
 11117 | Volcano  | Entered a volcano
 11335 | Volcano  | Noticed a hell hog
 11342 | Volcano  | Reached skill level 10 in Axes
 11352 | Volcano  | Killed a hell hog
 11539 | Volcano  | Noticed a fire crab
 11555 | Volcano  | Killed a fire crab
 13501 | Lair:2   | Noticed a four-headed hydra
 13509 | Lair:2   | Killed a four-headed hydra
 13509 | Lair:2   | Reached skill level 10 in Invocations
 13728 | Lair:2   | Reached XP level 12. HP: 94/94 MP: 19/19
 13730 | Lair:2   | Found a hole to the Spider Nest.
 14100 | Lair:3   | Reached skill level 11 in Axes
 14130 | Lair:3   | Reached ***** piety under Makhleb
 14515 | Lair:3   | Noticed a five-headed hydra
 14520 | Lair:3   | Killed a five-headed hydra
 14635 | Lair:3   | Found a staircase to the Shoals.
 14920 | Lair:3   | Noticed a four-headed hydra
 14926 | Lair:3   | Killed a four-headed hydra
 16063 | Lair:5   | Reached skill level 12 in Axes
 16187 | Lair:5   | Noticed Rupert
 16193 | Lair:5   | Paralysed by Rupert for 2 turns
 16209 | Lair:5   | Killed Rupert
 16209 | Lair:5   | Reached XP level 13. HP: 38/101 MP: 21/21
 16944 | Lair:5   | Found a staircase to the Slime Pits.
 17233 | D:10     | Entered Level 10 of the Dungeon
 17402 | D:10     | Found a staircase to the Orcish Mines.
 17585 | D:10     | Noticed Snorg
 17599 | D:10     | Killed Snorg
 17789 | D:10     | Noticed Erica
 17806 | D:10     | Killed Erica
 18125 | D:10     | Reached ****** piety under Makhleb
 18129 | D:10     | Noticed Nergalle
 18139 | D:10     | Killed Nergalle
 18291 | D:10     | Found a blossoming altar of Fedhas.
 18716 | D:10     | Noticed Josephine
 18727 | D:10     | Reached skill level 10 in Fighting
 18728 | D:10     | Killed Josephine
 18872 | Orc:1    | Entered Level 1 of the Orcish Mines
 18885 | Orc:1    | Reached skill level 13 in Axes
 19274 | Orc:2    | Entered Level 2 of the Orcish Mines
 19363 | Orc:2    | Found a staircase to the Elven Halls.
 19429 | Orc:2    | Noticed an orc warlord
 19496 | Orc:1    | Mangled by an orc warlord

Levels and vault maps discovered:
D:1:      lightli_arrival_statue_moat, layout_loops_cross, st_stairs_1,
          serial_bayou_pond_a
D:2:      layout_basic, nicolae_ru_path_of_blood
D:3:      layout_loops_ring, nemelex_xobeh_ov_fountains_minmay,
          trog_three_pillars_becter
D:4:      layout_gridville, lemuel_doored_altar, temple_fountains,
          gup_sewer_entry_bowl, first_ration, okawaru_trees_2, uniq_natasha
D:5:      layout_loops_ring
D:6:      layout_basic, kennysheep_mini, lemuel_round_altar, minitemple,
          minivault_4
D:7:      layout_loops_ring
D:8:      layout_loops_ring, gammafunk_ghost_smash, david_nohive_1,
          chequers_avenue, uniq_psyche, uniq_maurice, uniq_pikel
D:9:      layout_basic, due_lair_maze_entry_diamond, serial_shops,
          nicolae_shop_crystal
D:10:     hangedman_screamer, layout_cave_pools,
          kennysheep_orc_monster_closet_entryway, fedhas_altar_1, uniq_nergalle,
          uniq_snorg, uniq_erica
Temple:   jpeg_temple_alley_garden
Lair:1:   layout_loops_ring, nicolae_volcano_entry_s_turn, lemuel_fruit_fields,
          infiniplex_staircase_pool_2, uniq_fannar
Lair:2:   layout_loops_ring, spider_nest_entry_webs, fungi_pond_lemuel,
          st_stairs_5
Lair:3:   cheibrodos_lair_river_kwai, layout_chaotic_city,
          minmay_shoals_entry_beasts, kennysheep_rathole
Lair:4:   layout_gridlike, grunt_megastairs_3
Lair:5:   layout_loops_ring, dpeg_slime_entry_corner, grunt_megastairs_2,
          uniq_rupert
Orc:1:    layout_diamond_mine, uniq_josephine
Orc:2:    grunt_orc_cross, layout_diamond_mine, mines1_david

Skill      XL: |  1  2  3  4  5  6  7  8  9 10 11 12 13 |
---------------+----------------------------------------+-----
Axes           | 3 4 5 7 8 9 10 12 13 | 13.1
Armour         | 1 2 3 4 5 6 7 8 9 |  9.3
Dodging        | 3 4 5 6 7 9 |  9.6
Fighting       | 3 4 5 6 7 8 9 10 | 10.2
Invocations    | 1 2 4 5 7 8 10 11 12 | 12.4
Throwing       | |  1.7

Action                   |  1- 3 |  4- 6 |  7- 9 | 10-12 | 13-15 || total
-------------------------+-------+-------+-------+-------+-------++-------
Melee: War axe           |   129 |   173 |   234 |   341 |       ||   877
       Dire flail        |       |       |       |    13 |       ||    13
       Battleaxe         |       |       |       |    63 |   204 ||   267
Throw: Throwing net      |       |     1 |       |       |       ||     1
Invok: Minor Destruction |       |       |    46 |   243 |   120 ||   409
Evoke: Wand              |       |       |       |     3 |       ||     3
  Use: Scroll            |     1 |     4 |     1 |    25 |     1 ||    32
       Potion            |     1 |       |     2 |     4 |     1 ||     8
 Stab: Distracted        |       |       |       |     1 |     2 ||     3
  Eat: Chunk             |     3 |    10 |    14 |    15 |     7 ||    49
       Ration            |       |       |       |     2 |     1 ||     3
Armor: Leather armour    |    14 |       |       |       |       ||    14
       Ring mail         |    31 |    47 |       |       |       ||    78
       Scale mail        |       |    13 |    72 |    26 |       ||   111
       Plate armour      |       |       |    24 |    98 |       ||   122
       Chain mail        |       |       |       |    62 |   134 ||   196
Dodge: Dodged            |   102 |   107 |   154 |   165 |   124 ||   652
